 Dungeon Crawl Stone Soup version 0.17-a0-1646-geb1493d (webtiles) character file.

147 matakusis the Magician (level 5, 0/28 HPs)
             Began as a Deep Elf Wizard on Aug 9, 2015.
             Succumbed to poison (dark miasma)
             ... on level 3 of the Dungeon.
             The game lasted 00:20:25 (3367 turns).

matakusis the Magician (Deep Elf Wizard)            Turns: 3367, Time: 00:20:25

Health: 0/28       AC:  3    Str:  4    XL:     5   Next: 8%
Magic:  23/24      EV: 13    Int: 29    God:
Gold:   111        SH:  0    Dex: 13    Spells: 4 memorised, 8 levels left

rFire  + . .     SeeInvis +     s - +2 short sword (elec)
rCold  + . .     Clarity  .     a - +0 robe
rNeg   . . .     SustAt   .     (no shield)
rPois  +         Gourm    .     b - +0 hat
rElec  +         Spirit   .     (no cloak)
rCorr  +         Warding  .     (no gloves)
rMut   .         Stasis   .     g - +0 pair of boots
MR     .....                    (no amulet)
Stlth  ++........               j - ring of magical power
                                f - ring of see invisible

@: brilliant, lethally poisoned (0 -> -13), resistant, very slightly
contaminated, invisible, not resistant to hostile enchantments, unstealthy
A: no striking features
a: no special abilities


You were on level 3 of the Dungeon.
You were very hungry.

You visited 1 branch of the dungeon, and saw 3 of its levels.

You collected 111 gold pieces.

Inventory:

Hand weapons
 e - a -1 dagger
 s - a +2 short sword of electrocution (weapon)
Armour
 a - a +0 robe (worn)
 b - a +0 hat (worn)
 g - a +0 pair of boots (worn)
Jewellery
 f - a ring of see invisible (left hand)
 j - a ring of magical power (right hand)
Scrolls
 r - 2 scrolls of remove curse
 t - a scroll of identify
Potions
 m - a potion of agility
 p - a potion of invisibility
Books
 c - a book of Minor Magic

   Spells                             Type                      Level
   a - Magic Dart                     Conjuration                  1
   b - Blink                          Translocation                2
   c - Call Imp                       Summoning                    2
   d - Repel Missiles                 Charms/Air                   2
   e - Slow                           Hexes                        2
   f - Conjure Flame                  Conjuration/Fire             3
   g - Mephitic Cloud                 Conjuration/Poison/Air       3
Comestibles
 d - 2 bread rations
 h - a beef jerky
 n - 5 fruits


   Skills:
 + Level 3.0 Dodging
 - Level 2.5 Stealth
 + Level 6.4 Spellcasting
 + Level 2.1 Conjurations
 * Level 2.5 Summonings
 - Level 1.1 Translocations


You had 8 spell levels left.
You knew the following spells:

 Your Spells              Type           Power        Failure   Level  Hunger
a - Magic Dart            Conj           ####         1%          1    None
b - Blink                 Tloc           N/A          1%          2    None
c - Call Imp              Summ           #####...     1%          2    None
d - Conjure Flame         Conj/Fire      ####....     1%          3    None


Dungeon Overview and Level Annotations

Branches:
Dungeon (3/15)

Altars:
Dithmenos
Fedhas
Kikubaaqudgha
Qazlal


Message History

You feel protected.
* * * LOW HITPOINT WARNING * * *
You feel sick.
Drink which item? (? for menu, Esc to quit)
Okay, then.
Read which item? (? for menu, Esc to quit)
Blink to where?
Press: ? - help, Dir - move target cursor, f - you Are you sure you want to cancel this blink?
Blink to where?
Press: ? - help, Dir - move target cursor, f - you Are you sure you want to cancel this blink?
Blink to where?
Press: ? - help, Dir - move target cursor, f - you Are you sure you want to cancel this blink?
Blink to where?
Press: ? - help, Dir - move target cursor
As you read the scroll labeled EGUDIAD CIOLADGH, it crumbles to dust.
It was a scroll of blinking.
You die...

#.# #.#.#####.#
#.######...##.....
#.............>...
#.#####....#####..
#.# #....# #.. #.#
###....#####.# #.#
#§5...........
#.###§#.....)))...
#@....###..#######
####### #..# #
#..#######
#.........
########## # #


There were no monsters in sight!

Vanquished Creatures
  3 adders
  A gnoll (D:3)
  An adder zombie (D:3)
  2 giant geckos
  2 giant cockroaches (D:1)
  8 hobgoblins
  3 jackals (D:3)
  9 bats
  5 giant newts
  9 goblins
  3 kobolds
  4 rats
50 creatures vanquished.

Vanquished Creatures (collateral kills)
  A giant frog zombie (D:3)
  An orc wizard (D:3)
  A giant frog skeleton (D:3)
  A hound zombie (D:3)
  A worker ant zombie (D:3)
  2 gnolls (D:3)
  2 adders
  A worm (D:2)
  A giant gecko (D:2)
  2 orcs (D:3)
  2 goblins (D:3)
  2 hobgoblins
  3 jackals
  2 kobolds (D:3)
  A bat (D:2)
  A giant cockroach (D:3)
  An orc skeleton (D:3)
  2 orc zombies (D:3)
  A quokka zombie (D:3)
  A rat (D:2)
29 creatures vanquished.

Vanquished Creatures (others)
  A giant cockroach (D:1)
1 creature vanquished.

Grand Total: 80 creatures vanquished

Notes
Turn   | Place    | Note
--------------------------------------------------------------
     0 | D:1      | matakusis the Deep Elf Wizard began the quest for the Orb.
     0 | D:1      | Reached XP level 1. HP: 10/10 MP: 7/7
   186 | D:1      | Reached XP level 2. HP: 15/15 MP: 0/9
   352 | D:1      | Reached skill level 5 in Spellcasting
  1375 | D:2      | Reached XP level 3. HP: 19/19 MP: 7/12
  1379 | D:2      | Learned a level 2 spell: Blink
  1382 | D:2      | Learned a level 2 spell: Call Imp
  1386 | D:2      | Learned a level 3 spell: Conjure Flame
  1706 | D:2      | Found a blossoming altar of Fedhas.
  1708 | D:2      | Found a stormy altar of Qazlal.
  2566 | D:3      | Found a faded altar to an unknown god.
  2577 | D:3      | Reached skill level 6 in Spellcasting
  2577 | D:3      | Reached XP level 4. HP: 24/24 MP: 14/14
  2578 | D:3      | Became a worshipper of Kikubaaqudgha
  2578 | D:3      | Acquired Kikubaaqudgha's first power
  2578 | D:3      | Received a gift from Kikubaaqudgha
  2579 | D:3      | Identified Kikubaaqudgha's Disquisition on Black Secrets (Kikubaaqudgha gifted it to you on level 3 of the Dungeon)
  2580 | D:3      | Fell from the grace of Kikubaaqudgha
  2656 | D:3      | Found a shadowy altar of Dithmenos.
  3095 | D:3      | Reached XP level 5. HP: 26/28 MP: 15/15
  3366 | D:3      | HP: 1/28 [poison (dark miasma)]
  3367 | D:3      | Succumbed to poison (dark miasma)

Vault maps used:
D:1:      shiori_arrival_elements, roderic_serpentine_path,
          minmay_misc_feat_nine_boxes, minmay_crystal_water
D:2:      grunt_temple_overflow_forces_of_nature,
          hangedman_decor_clover_reticule
D:3:      ecumenical_altar_1, grunt_dithmenos_smoke_and_mirrors

Action                   |  1- 3 |  4- 6 || total
-------------------------+-------+-------++-------
Melee: Dagger            |    25 |       ||    25
       Unarmed           |     1 |       ||     1
       Short sword       |    15 |    22 ||    37
 Cast: Magic Dart        |    79 |    18 ||    97
       Call Imp          |    16 |    27 ||    43
       Conjure Flame     |     1 |       ||     1
       Blink             |       |     6 ||     6
Invok: Renounce Religion |       |     1 ||     1
  Use: Scroll            |     8 |     1 ||     9
       Potion            |       |     7 ||     7
 Stab: Sleeping          |     1 |       ||     1
  Eat: Chunk             |     4 |     2 ||     6
